 Dungeon Crawl Stone Soup version 0.21-a0-538-gd16b88a (webtiles) character file.

410 slep the Chopper (level 6, -12/47 HPs)
             Began as a Demonspawn Gladiator on Dec 16, 2017.
             Mangled by slep's ghost (14 damage)
             ... on level 5 of the Dungeon.
             The game lasted 00:07:42 (2049 turns).

slep the Chopper (Demonspawn Gladiator)             Turns: 2049, Time: 00:07:43

Health: -12/47     AC:  6    Str: 15    XL:     6   Next: 58%
Magic:  15/15      EV: 15    Int:  9    God:
Gold:   134        SH:  6    Dex: 16    Spells: 5/5 levels left

rFire    . . .     SeeInvis .   A - +1 hand axe (pain)
rCold    . . .     Gourm    .   y - +2 buckler
rNeg     + . .     Faith    .   b - +0 leather armour
rPois    .         Spirit   .   c - +0 helmet
rElec    .         Reflect  .   (no cloak)
rCorr    .         Harm     .   z - +0 pair of gloves
MR       .....                  m - +0 pair of boots
Stlth    ++++......             p - amulet of magic regeneration
HPRegen  0.15/turn              B - ring of magical power
MPRegen  0.39/turn              w - ring of positive energy

@: no status effects
A: talons 1, repulsion field 1, nightstalker 2, spiny 1
a: no special abilities


You were on level 5 of the Dungeon.
You were not hungry.

You visited 1 branch of the dungeon, and saw 5 of its levels.

You collected 134 gold pieces.

Inventory:

Hand Weapons
 a - a +0 war axe
 A - a +1 hand axe of pain (weapon)
Missiles
 d - 3 throwing nets (quivered)
Armour
 b - a +0 leather armour (worn)
 c - a +0 helmet (worn)
 m - a +0 pair of boots (worn)
 q - +0 ice dragon scales
 y - a +2 buckler (worn)
 z - a +0 pair of gloves (worn)
Jewellery
 p - an amulet of magic regeneration (around neck)
 w - a ring of positive energy (right hand)
 B - a ring of magical power (left hand)
Scrolls
 e - 3 scrolls of enchant weapon {unknown}
 j - 4 scrolls of remove curse {unknown}
 l - a scroll of immolation {unknown}
 o - 3 scrolls of teleportation {unknown}
 s - 2 scrolls of random uselessness {unknown}
 u - 2 scrolls of identify {unknown}
 C - 2 scrolls of enchant armour {unknown}
 D - a scroll of magic mapping {unknown}
Potions
 g - a potion of might {unknown}
 h - 4 potions of curing {unknown}
 i - a potion of lignification {unknown}
 k - a potion of haste {unknown}
 n - 2 potions of brilliance {unknown}
 r - a potion of magic {unknown}
 x - a potion of ambrosia {unknown}
Comestibles
 f - 4 bread rations
 t - 2 meat rations
 v - 2 royal jellies


   Skills:
 + Level 3.0 Fighting
 + Level 5.0 Axes
 + Level 1.8 Throwing
 + Level 2.0 Armour
 + Level 3.6 Dodging
 + Level 1.6 Stealth
 + Level 0.5 Shields


You had 5 spell levels left.
You didn't know any spells.

Dungeon Overview and Level Annotations

Branches:
Dungeon (5/15)
 Temple: D:4-7

Altars:
Cheibriados
Fedhas
Gozag
Kikubaaqudgha
Makhleb
Trog

Annotations:
D:3 Grinder
D:5 slep's ghost, novice DsGl


Innate Abilities, Weirdness & Mutations

You have sharp toenails.
You are surrounded by a mild repulsion field. (EV +2)
You are significantly more attuned to the shadows.
You are partially covered in sharp spines.


Message History

You block slep's ghost's attack.
You hit slep's ghost.
Slep's ghost is lightly damaged.
Slep's ghost completely misses you.
You completely miss slep's ghost.
Slep's ghost is lightly damaged.
Slep's ghost whispers, "Death is liberation."
Slep's ghost is struck by your spines. Slep's ghost hits you!
* * * LOW HITPOINT WARNING * * *
You hit slep's ghost.
Slep's ghost is moderately damaged.
Slep's ghost hits you!
* * * LOW HITPOINT WARNING * * *
You hit slep's ghost.
Slep's ghost is moderately damaged.
Slep's ghost misses you. Slep's ghost closely misses you.
You see here 13 gold pieces.
Slep's ghost is struck by your spines. Slep's ghost hits you!
You die...

#################
###
#.............(.. ..
#.############### #.
###..### #
##.#.#######W@.....#
#
.........$..........
#
####.#.....#..[_...#
# .......#.#.......#
#
####..#.#.#.......#
# ....#.#.#.#..###
.....#...#.#...
##########. ..#. ###


You could see slep's ghost.

Vanquished Creatures
  A phantom (D:4)
  The ghost of kylix the Ruffian, an amateur VSMo (D:4)
  A howler monkey (D:4)
  An orc wizard (D:4)
  2 hounds (D:4)
  A worker ant (D:4)
  4 adders (D:2)
  An ooze (D:4)
  3 worms
  2 leopard geckos (D:4)
  3 orcs (D:4)
  2 ball pythons
  A bat (D:3)
  4 giant cockroaches
  9 goblins
  5 hobgoblins
  4 jackals (D:2)
  5 kobolds
  4 frilled lizards
  6 rats
60 creatures vanquished.

Notes
Turn   | Place    | Note
-------+----------+-------------------------------------------
     0 | D:1      | slep the Demonspawn Gladiator began the quest for the Orb.
     0 | D:1      | Reached XP level 1. HP: 16/16 MP: 1/1
   274 | D:1      | Found a snail-covered altar of Cheibriados.
   549 | D:2      | Found an ancient bone altar of Kikubaaqudgha.
   613 | D:2      | Gained mutation: You are partially covered in sharp spines. [demonic ancestry]
   613 | D:2      | Reached XP level 2. HP: 19/22 MP: 2/2
   618 | D:2      | Reached skill level 3 in Axes
   645 | D:2      | Gained mutation: You are slightly more attuned to the shadows. [demonic ancestry]
   645 | D:2      | Reached XP level 3. HP: 19/27 MP: 3/3
   736 | D:2      | Found an opulent altar of Gozag.
   932 | D:2      | Found a blossoming altar of Fedhas.
   962 | D:2      | Gained mutation: You have sharp toenails. [demonic ancestry]
   962 | D:2      | Reached XP level 4. HP: 30/34 MP: 4/4
  1216 | D:3      | Noticed Grinder
  1229 | D:3      | Reached skill level 1 in Armour
  1355 | D:3      | Found a burning altar of Makhleb.
  1357 | D:3      | Noticed a cacodemon
  1361 | D:3      | Noticed a neqoxec
  1361 | D:3      | Noticed an orange demon
  1438 | D:4      | Noticed kylix's ghost (amateur VSMo)
  1449 | D:4      | Killed kylix's ghost
  1449 | D:4      | Reached skill level 4 in Axes
  1449 | D:4      | Gained mutation: You are surrounded by a mild repulsion field. (EV +2) [demonic ancestry]
  1449 | D:4      | Reached XP level 5. HP: 25/39 MP: 5/5
  1454 | D:4      | Reached skill level 1 in Stealth
  1482 | D:4      | Found a bloodstained altar of Trog.
  1598 | D:4      | Gained mutation: You are significantly more attuned to the shadows. [demonic ancestry]
  1598 | D:4      | Reached XP level 6. HP: 30/46 MP: 6/6
  1831 | D:4      | Reached skill level 5 in Axes
  1938 | D:5      | Entered Level 5 of the Dungeon
  2011 | D:5      | Found an opulent altar of Gozag.
  2020 | D:5      | Noticed slep's ghost (novice DsGl)
  2042 | D:5      | HP: 1/47 [slep's ghost (10)]
  2049 | D:5      | Mangled by slep's ghost

Vault maps used:
D:1:      noname_arrival_rooms_in_the_neighbourhood, cheibriados_altar_1
D:2:      grunt_gozag_statues, fedhas_altar_1, lemuel_round_altar
D:3:      makhleb_altar_promises_db, uniq_grinder
D:4:      overflow_temple_1_default
D:5:      chequers_temple_overflow_minitemple, basic_altar, first_bread

Skill      XL: |  1  2  3  4  5  6 |
---------------+-------------------+-----
Axes           | 3 4 5 |  5.0
Dodging        | 3 |  3.6
Armour         | 1 2 |  2.0
Stealth        | 1 |  1.6
Fighting       | 3 |  3.0
Throwing       | |  1.8
Shields        | |  0.5

Action                   |  1- 3 |  4- 6 || total
-------------------------+-------+-------++-------
Melee: War axe           |    83 |    32 ||   115
       Hand axe          |       |    70 ||    70
 Stab: Sleeping          |     2 |     4 ||     6
       Distracted        |       |     2 ||     2
  Eat: Chunk             |       |     4 ||     4
Armor: Leather armour    |    15 |     8 ||    23
Dodge: Dodged            |    71 |    49 ||   120
Block: Buckler           |       |    21 ||    21

Table legend:
 A = Spawn XP
 B = Non-spawn XP
 C = Spawn XP percentage of total XP
 D = Spawn monster count
 E = Non-spawn monster count
 F = Spawn count percentage of total count
 G = Total turns spent on level
                    A         B        C        D         E        F      G
               +---------+---------+-------+---------+---------+-------+---------
         Total |       0 |     587 |   0.0 |       0 |      60 |   0.0 |  2049
               +---------+---------+-------+---------+---------+-------+---------
           D:1 |       0 |       7 |   0.0 |       0 |       4 |   0.0 |   509
           D:2 |       0 |      94 |   0.0 |       0 |      24 |   0.0 |   665
           D:3 |       0 |      23 |   0.0 |       0 |      13 |   0.0 |   221
           D:4 |       0 |     463 |   0.0 |       0 |      19 |   0.0 |   543
               +---------+---------+-------+---------+---------+-------+---------
